 Dungeon Crawl Stone Soup version 0.20.1-1-g8b1a95d66d (webtiles) character file.

114 Merkknight the Chopper (level 4, 0/40 HPs)
             Began as a Hill Orc Berserker on Dec 17, 2017.
             Was a Follower of Trog.
             Succumbed to an adder's poison
             ... on level 2 of the Dungeon.
             The game lasted 00:07:52 (2610 turns).

Merkknight the Chopper (Hill Orc Berserker)         Turns: 2610, Time: 00:07:53

Health: 0/40       AC:  2    Str: 20    XL:     4   Next: 98%
Magic:  4/4        EV: 12    Int:  7    God:    Trog [*.....]
Gold:   97         SH:  0    Dex: 10    Spells: 3/3 levels left

rFire    x . .     SeeInvis .   a - +0 hand axe
rCold    + . .     Gourm    .   (no shield)
rNeg     . . .     Faith    .   b - +0 animal skin
rPois    .         Spirit   .   (no helmet)
rElec    .         Reflect  .   (no cloak)
rCorr    .         Harm     .   (no gloves)
MR       .....                  (no boots)
Stlth    +.........             (no amulet)
Regen    0.2/turn               n - ring of ice
MPRegen  0.1/turn               (no ring)

@: lethally poisoned (0 -> -9)
A: no striking features
a: Berserk, Burn Spellbooks, Renounce Religion


You were on level 2 of the Dungeon.
You worshipped Trog.
Trog was aware of your devotion.
You were hungry.

You visited 1 branch of the dungeon, and saw 3 of its levels.

You collected 97 gold pieces.

Inventory:

Hand Weapons
 a - a +0 hand axe (weapon)
Armour
 b - a +0 animal skin (worn)
Jewellery
 n - a ring of ice (left hand)
Scrolls
 d - 4 scrolls of identify {unknown}
 e - a scroll of magic mapping {unknown}
 h - 3 scrolls of fear {unknown}
 j - a scroll of recharging {unknown}
 l - a scroll of enchant weapon {unknown}
 p - a scroll of immolation {unknown}
 q - a scroll of remove curse {unknown}
 s - a scroll of enchant armour {unknown}
Potions
 i - a potion of cancellation {unknown}
 k - 2 potions of agility {unknown}
 m - a potion of flight {unknown}
 o - a potion of degeneration {unknown}
Comestibles
 c - a bread ration
 f - a royal jelly
 r - 3 chunks of flesh
 t - a meat ration


   Skills:
 + Level 4.2 Fighting
 + Level 5.8 Axes
 + Level 2.3 Armour
 + Level 2.3 Dodging
 + Level 0.6 Stealth


You had 3 spell levels left.
You didn't know any spells.

Dungeon Overview and Level Annotations

Branches:
Dungeon (3/15)

Altars:
Cheibriados
Trog


Message History

The gnoll hits you with a whip.
* * * LOW HITPOINT WARNING * * *
You hit the gnoll.
The gnoll is almost dead.
You closely miss the adder.
* * * LOW HITPOINT WARNING * * *
You feel sick. The adder bites you.
* * * LOW HITPOINT WARNING * * *
The gnoll barely misses you. The adder barely misses you.
* * * LOW HITPOINT WARNING * * *
You feel sick.
It was a potion of magic.
Magic courses through your body.
* * * LOW HITPOINT WARNING * * *
You feel sick. The adder closely misses you.
The gnoll hits you but does no damage.
* * * LOW HITPOINT WARNING * * *
You feel sick. The adder barely misses you. The adder bites you.
* * * LOW HITPOINT WARNING * * *
You are feeling hungry.
You die...

.....###.# ##.##..........#
.#.#.....####.....####...###
.#.#####..##...####.....##
.....).......#.##...##..#
##..####...###.#..####.##
##.# ###..##.#.>...((# #.#
#..##..gS.....# ###
##..##..#####(# #######
#.....@#####.## ## ##_≈#.#
#..#.#....##.)# #. ##§##.##
##.....##..##.#### ###.
##.'...#####..#.####.......#
#... .#.###.#......#.#
#####.#.###.##
.#_≈##...####.#.#
#.....#.....# .######..#
#)#.# #...........# #.#
#...####...####.......##..#
#.#
#.........................#


You could see a gnoll and an adder.

Vanquished Creatures
  A bullfrog zombie (D:2)
  3 adders (D:2)
  An ooze (D:2)
  A worm (D:2)
  2 dart slugs
  4 leopard geckos
  A ball python (D:2)
  3 giant cockroaches
  4 hobgoblins
  5 bats
  3 frilled lizards (D:1)
  5 goblins
  7 kobolds
  3 rats
43 creatures vanquished.

Notes
Turn   | Place    | Note
-------+----------+-------------------------------------------
     0 | D:1      | Merkknight the Hill Orc Berserker began the quest for the Orb.
     0 | D:1      | Reached XP level 1. HP: 19/19 MP: 1/1
   355 | D:1      | Reached XP level 2. HP: 19/27 MP: 2/2
  1034 | D:2      | Reached XP level 3. HP: 29/33 MP: 3/3
  1585 | D:2      | Reached skill level 5 in Axes
  1585 | D:2      | Reached XP level 4. HP: 16/40 MP: 4/4
  2025 | D:2      | Reached ** piety under Trog
  2065 | D:2      | Found a snail-covered altar of Cheibriados.
  2065 | D:2      | Found a bloodstained altar of Trog.
  2609 | D:2      | HP: 1/40 [adder (4)]
  2610 | D:2      | Succumbed to an adder's poison

Skill      XL: |  1  2  3 |
---------------+----------+-----
Dodging        | 2 |  2.3
Fighting       | 4 |  4.2
Axes           | 5 |  5.8
Armour         | |  2.3
Stealth        | |  0.6

Action                   |  1- 3 |  4- 6 || total
-------------------------+-------+-------++-------
Melee: Hand axe          |   108 |    68 ||   176
  Use: Potion            |       |     1 ||     1
 Stab: Distracted        |       |     1 ||     1
  Eat: Chunk             |     2 |     3 ||     5
Armor: Animal skin       |    13 |    30 ||    43
Dodge: Dodged            |    71 |    79 ||   150
